General information
			
			
        
        - name: BNet
 
        - type: Ladder 1vs1/FFA
 
        - host: Battle.net
 
        - saver: DirtMcGirt
 
        
map: TurtleRock 
        - players: 2
 
        - length: 25:24
 
        - speed: Fast
 - version: 1.22 W3XP
 - replay type:  Public
 
» download(75 KB)
Players
        team 1 (loser) 
              
              
» 
Jaybob316 (
purple | 32 APM | 808 actions | 25:22)
              
 5 Death Knight 
 1 Death Coil
 3 Unholy Aura
 1 Death Pact
 2 Goblin Tinker 
 1 Pocket Factory
 1 Engineering Upgrade
 
                » actions 
                
                | Assign group hotkey | 18 |  | 
| Basic commands | 1 |  | 
| Build / train | 70 |  | 
| Enter build submenu | 15 |  | 
| Enter hero's abilities submenu | 7 |  | 
| Give item / drop item | 1 |  | 
| Right click | 296 |  | 
| Select / deselect | 233 |  | 
| Select group hotkey | 121 |  | 
| Use ability | 46 |  | 
                808 total
 » units 
                
                | Acolyte | 2 |  | 
| Ghoul | 9 |  | 
| Crypt Fiend | 13 |  | 
| Necromancer | 11 |  | 
| Gargoyle | 5 |  | 
| Frost Wyrm | 2 |  | 
                42 total
 » upgrades
                
                | Cannibalize | 1 |  | 
| Creature Attack | 1 |  | 
| Necromancer Training | 1 |  | 
| Unholy Armor | 1 |  | 
| Web | 1 |  | 
| Freezing Breath | 1 |  | 
                6 total
 » buildings
                
                | Crypt | 1 |  | 
| Ziggurat | 6 |  | 
| Altar of Darkness | 1 |  | 
| Nerubian Tower | 3 |  | 
| Halls of the Dead | 1 |  | 
| Graveyard | 1 |  | 
| Spirit Tower | 2 |  | 
| Temple of the Damned | 1 |  | 
| Tomb of Relics | 1 |  | 
| Black Citadel | 1 |  | 
| Sacrificial Pit | 1 |  | 
| Boneyard | 1 |  | 
                20 total
 » build order
                00:11 Crypt
00:17 Ziggurat
00:36 Altar of Darkness
00:59 Ziggurat
01:20 Nerubian Tower
02:12 Nerubian Tower
03:03 Halls of the Dead
03:40 Graveyard
03:55 Ziggurat
04:13 Ziggurat
05:05 Spirit Tower
05:08 Spirit Tower
05:43 Temple of the Damned
06:38 Tomb of Relics
07:58 Ziggurat
09:38 Nerubian Tower
13:02 Black Citadel
13:14 Ziggurat
17:05 Sacrificial Pit
19:03 Boneyard
» items
                
                | Potion of Healing | 2 |  | 
| Rod of Necromancy | 1 |  | 
| Scroll of Protection | 2 |  | 
                5 total
  
               team 2 (winner) 
              
              
» 
DirtMcGirt (
orange | 113 APM | 2867 actions | 25:24)
              
 6 Death Knight 
 3 Death Coil
 3 Unholy Aura
 5 Lich 
 3 Frost Nova
 2 Frost Armor
 4 Dreadlord 
 2 Sleep
 2 Vampiric Aura
 
                » actions 
                
                | Assign group hotkey | 24 |  | 
| Build / train | 70 |  | 
| Enter build submenu | 23 |  | 
| Enter hero's abilities submenu | 15 |  | 
| Give item / drop item | 5 |  | 
| Right click | 1150 |  | 
| Select / deselect | 1029 |  | 
| Select group hotkey | 462 |  | 
| Use ability | 89 |  | 
                2867 total
 » units 
                
                | Acolyte | 16 |  | 
| Ghoul | 5 |  | 
| Gargoyle | 7 |  | 
| Abomination | 4 |  | 
| Obsidian Statue | 4 |  | 
                36 total
 » upgrades
                
                | Destroyer Form | 1 |  | 
| Disease Cloud | 1 |  | 
| Unholy Strength | 1 |  | 
| Unholy Armor | 1 |  | 
| Creature Attack | 1 |  | 
| Creature Carapace | 1 |  | 
                6 total
 » buildings
                
                | Altar of Darkness | 1 |  | 
| Crypt | 3 |  | 
| Ziggurat | 6 |  | 
| Tomb of Relics | 1 |  | 
| Graveyard | 1 |  | 
| Halls of the Dead | 1 |  | 
| Nerubian Tower | 1 |  | 
| Black Citadel | 1 |  | 
| Slaughterhouse | 1 |  | 
| Necropolis | 3 |  | 
| Sacrificial Pit | 1 |  | 
                20 total
 » build order
                00:13 Altar of Darkness
00:16 Crypt
00:32 Ziggurat
00:50 Tomb of Relics
01:15 Ziggurat
02:20 Graveyard
03:19 Halls of the Dead
03:56 Ziggurat
04:00 Nerubian Tower
05:08 Crypt
05:21 Crypt
08:18 Black Citadel
08:27 Ziggurat
08:54 Slaughterhouse
14:26 Ziggurat
14:28 Ziggurat
16:10 Necropolis
21:24 Sacrificial Pit
22:00 Necropolis
22:54 Necropolis
» items
                
                | Rod of Necromancy | 1 |  | 
| Scroll of Town Portal | 1 |  | 
| Orb of Corruption | 2 |  | 
| Scroll of Healing | 1 |  | 
| Potion of Mana | 2 |  | 
                7 total
  
                Chat log
          (00:21 / All) DirtMcGirt: gl hf
(00:25 / All) Jaybob316: u2
(09:22 / All) DirtMcGirt: necro wagon huh
(25:20 / All) Jaybob316: g
(25:21 / All) DirtMcGirt: gg